 Dungeon Crawl Stone Soup version 0.23.0-3-gf3c87f2 (webtiles) character file.

Game seed: 7916448586801120951

137 misha the Poker (level 5, -1/38 HPs)
             Began as a Merfolk Gladiator on Feb 22, 2019.
             Was a Follower of Uskayaw.
             Slain by a crocodile (14 damage)
             ... in a sewer.
             The game lasted 00:08:09 (2723 turns).

misha the Poker (Merfolk Gladiator)                 Turns: 2723, Time: 00:08:10

Health: -1/38      AC:  4    Str: 16    XL:     5   Next: 20%
Magic:  5/5        EV: 14    Int:  7    God:    Uskayaw [*.....]
Gold:   106        SH:  0    Dex: 15    Spells: 4/4 levels left

rFire    . . .     SeeInvis .   b - +2 falchion (slice)
rCold    . . .     Gourm    .   (no shield)
rNeg     . . .     Faith    .   r - +0 leather armour
rPois    .         Spirit   .   c - +0 helmet
rElec    .         Reflect  .   (no cloak)
rCorr    .         Harm     .   (no gloves)
MR       .....                  (no boots)
Stlth    +.........             (no amulet)
HPRegen  0.12/turn              (no ring)
MPRegen  0.09/turn              (no ring)

@: no status effects
A: change form in water, swift swim, stealthy swim
a: Stomp, Renounce Religion


You were in a sewer.
You worshipped Uskayaw.
Uskayaw was noncommittal.
You were hungry.

You visited 1 branch of the dungeon, and saw 3 of its levels.
You also visited: Sewer.

You collected 106 gold pieces.

Inventory:

Hand Weapons
 a - a +1 whip of venom
 b - a +2 falchion of slicing (weapon)
 q - a +0 trident
Missiles
 d - 3 throwing nets (quivered)
 i - 4 javelins of penetration
 k - 97 stones
 n - 11 sling bullets
Armour
 c - a +0 helmet (worn)
 r - a +0 leather armour (worn)
 s - a +0 pair of gloves
Scrolls
 g - a scroll of magic mapping {unknown}
 h - 2 scrolls of remove curse {unknown}
 j - a scroll of identify {unknown}
 m - 3 scrolls of teleportation {unknown}
 t - 2 scrolls of fear {unknown}
Potions
 l - a potion of haste {unknown}
 o - 2 potions of degeneration {unknown}
 p - a potion of curing {unknown}
Comestibles
 f - 3 rations


   Skills:
 - Level 2.1 Fighting
 + Level 0.5 Long Blades
 + Level 6.6 Polearms
 + Level 3.8 Throwing
 - Level 4.0 Dodging


You had 4 spell levels left.
You didn't know any spells.
Your spell library was empty.

Dungeon Overview and Level Annotations

Branches:
Dungeon (3/15)

Altars:
Cheibriados
Kikubaaqudgha
Uskayaw
Wu Jian
Xom
Lugonu


Message History

You hit the crocodile but do no damage. The crocodile bites you!!
The crocodile closely misses you.
You are too injured to fight recklessly!
Press: ? - help, v - describe, . - travel The floor, spattered with blood.
Unknown command.
As you read the scroll labeled MOATWU ESAVVI, it crumbles to dust.
The scroll dissolves into smoke.
It was a scroll of fog.
The crocodile bites you.
You are too injured to fight recklessly!
You are too injured to fight recklessly!
You are too injured to fight recklessly!
You are too injured to fight recklessly!
You are too injured to fight recklessly!
You are too injured to fight recklessly!
You are too injured to fight recklessly!
You are too injured to fight recklessly!
You are too injured to fight recklessly!
You hit the crocodile but do no damage. The crocodile bites you!
You die...

### #≈# ########
#≈#### ###.≈.§@§###
##≈##.. %
###...≈≈§§t§.###
#.≈.#.∩
(.##.....####§§≈≈.###
#.≈.).∩ ##≈.≈..#
###≈≈...###.≈†)..
.≈..≈≈#
##...≈≈.≈.†.###
#....≈###
###≈≈.≈.###.≈....
#.....####...≈.###
#.≈....
#..≈≈≈≈.≈..###
#.≈.#.. ###......###
##≈##..


You could see a crocodile.

Vanquished Creatures
  A river rat (D:3)
  4 adders (D:2)
  2 oozes
  3 worms (D:2)
  2 leopard geckos
  An orc (D:3)
  10 bats
  4 giant cockroaches
  6 goblins
  8 hobgoblins
  2 jackals (Sewer)
  3 quokkas (D:2)
  3 ball pythons
  2 frilled lizards
  11 kobolds
  11 rats
73 creatures vanquished.

Notes
Turn   | Place    | Note
-------+----------+-------------------------------------------
     0 | D:1      | misha the Merfolk Gladiator began the quest for the Orb.
     0 | D:1      | Reached XP level 1. HP: 16/16 MP: 1/1
    57 | D:1      | Reached XP level 2. HP: 20/22 MP: 2/2
   149 | D:1      | Reached skill level 5 in Polearms
   341 | D:1      | Reached XP level 3. HP: 27/27 MP: 3/3
  1285 | D:2      | Reached XP level 4. HP: 25/33 MP: 4/4
  1434 | D:2      | Found a hide-covered altar of Uskayaw.
  1460 | D:2      | Reached skill level 6 in Polearms
  2158 | D:2      | Found a faded altar of an unknown god.
  2158 | D:2      | Found an ancient bone altar of Kikubaaqudgha.
  2166 | D:2      | Found an ornate altar of the Wu Jian Council.
  2169 | D:2      | Found a shimmering altar of Xom.
  2171 | D:2      | Found a snail-covered altar of Cheibriados.
  2187 | D:2      | Became a worshipper of Lugonu the Unformed
  2187 | D:2      | Reached * piety under Lugonu
  2187 | D:2      | Reached ** piety under Lugonu
  2329 | D:2      | Paralysed by fainting for 11 turns
  2354 | D:2      | Paralysed by fainting for 5 turns
  2367 | D:2      | Fell from the grace of Lugonu
  2367 | D:2      | Became a worshipper of Uskayaw the Reveler
  2528 | D:3      | Found a glowing drain.
  2536 | D:3      | Reached XP level 5. HP: 38/38 MP: 5/5
  2540 | D:3      | Reached * piety under Uskayaw
  2546 | D:3      | Reached ** piety under Uskayaw
  2633 | Sewer    | Entered a sewer
  2697 | Sewer    | Noticed a crocodile
  2723 | Sewer    | Slain by a crocodile

Skill      XL: |  1  2  3  4 |
---------------+-------------+-----
Polearms       | 5 6 |  6.6
Throwing       | 3 |  3.8
Fighting       | |  2.1
Long Blades    | |  0.5
Dodging        | |  4.0

Action                   |  1- 3 |  4- 6 || total
-------------------------+-------+-------++-------
Melee: Trident           |   131 |    73 ||   204
       Falchion          |       |    23 ||    23
  Use: Scroll            |       |     1 ||     1
 Stab: Sleeping          |     5 |     3 ||     8
  Eat: Chunk             |     1 |     1 ||     2
       Ration            |       |     1 ||     1
Armor: Leather armour    |    28 |    23 ||    51
Dodge: Dodged            |    90 |    72 ||   162
       Rpst.: Falchion   |       |     6 ||     6
